BSA
CHICAGO MACHINE @ IRVINE GANG GREEN
06/01/2029
 
TOP OF THE 1ST
Chicago Machine batting - Pitching for Irvine Gang Green : LHP Masutaro Koyama
Pitching: LHP Masutaro Koyama
Batting: RHB Gonzalo Gil 0-0: Called Strike
0-1: Ball
1-1: Ball
2-1: SOLO HOME RUN (Flyball, 7D), Distance : 429 ft
Batting: LHB Bernardo Montés 0-0: Ball
1-0: Ball
2-0: Ball
3-0: Ground out 4-3 (Groundball, 4M)
Batting: RHB Will Lott 0-0: Foul Ball, location: 2F
0-1: Called Strike
0-2: Strikes out looking
Batting: RHB Lorenzo Guzmán 0-0: SOLO HOME RUN (Flyball, 7LD), Distance : 388 ft
Batting: RHB Pablo Sandoval 0-0: Called Strike
0-1: Foul Ball, location: 2F
0-2: Ball
1-2: Strikes out looking
Top of the 1st over - 2 runs, 2 hits, 0 errors, 0 left on base; Chicago 2 - Irvine 0
BOTTOM OF THE 1ST
Irvine Gang Green batting - Pitching for Chicago Machine : RHP Aaron Thrash
Pitching: RHP Aaron Thrash
Batting: RHB Tyler Wagner 0-0: Ground out 4-3 (Groundball, 4)
Batting: LHB José Sánchez 0-0: Ball
1-0: Swinging Strike
1-1: Ball
2-1: Fly out, F8 (Line Drive, 78D)
Batting: RHB Tom Doherty 0-0: Called Strike
0-1: Foul Ball, location: 2F
0-2: Ball
1-2: Ball
2-2: Strikes out swinging
Bottom of the 1st over - 0 runs, 0 hits, 0 errors, 0 left on base; Chicago 2 - Irvine 0
TOP OF THE 2ND
Chicago Machine batting - Pitching for Irvine Gang Green : LHP Masutaro Koyama
Batting: SHB Clint Woods 0-0: Ball
1-0: Ball
2-0: Fly out, F8 (Flyball, 8LXD)
Batting: RHB Raúl Bauza 0-0: Fly out, F8 (Flyball, 8LD)
Batting: LHB Denny Poole 0-0: Foul Ball, location: 2F
0-1: Reached via error on a dropped throw, E1
Batting: RHB Carl O'Dell 0-0: Ball
1-0: Called Strike
1-1: Ball
2-1: Foul Ball, location: 2F
2-2: Ground out 5-3 (Groundball, 56S)
Top of the 2nd over - 0 runs, 0 hits, 1 error, 1 left on base; Chicago 2 - Irvine 0
BOTTOM OF THE 2ND
Irvine Gang Green batting - Pitching for Chicago Machine : RHP Aaron Thrash
Batting: LHB Leonardo Medina 0-0: Foul Ball, location: 2F
0-1: Ball
1-1: Ball
2-1: Foul Ball, location: 2F
2-2: Ball
3-2: Fly out, F5 (Popup, 25)
Batting: RHB José Salazar 0-0: Ground out 5-3 (Groundball, 56)
Batting: RHB Eduardo García 0-0: Ball
1-0: Ball
2-0: Swinging Strike
2-1: Ball
3-1: Fly out, F9 (Line Drive, 9)
Bottom of the 2nd over - 0 runs, 0 hits, 0 errors, 0 left on base; Chicago 2 - Irvine 0
TOP OF THE 3RD
Chicago Machine batting - Pitching for Irvine Gang Green : LHP Masutaro Koyama
Batting: RHB Gonzalo Gil 0-0: Called Strike
0-1: Foul Ball, location: 2F
0-2: Ball
1-2: Strikes out swinging
Batting: LHB Bernardo Montés 0-0: Ball
1-0: Ground out 4-3 (Groundball, 4)
Batting: RHB Will Lott 0-0: Called Strike
0-1: Ground out 6-3 (Groundball, 6M)
Top of the 3rd over - 0 runs, 0 hits, 0 errors, 0 left on base; Chicago 2 - Irvine 0
BOTTOM OF THE 3RD
Irvine Gang Green batting - Pitching for Chicago Machine : RHP Aaron Thrash
Batting: RHB Wilson López 0-0: Ball
1-0: Fly out, F9 (Flyball, 9S)
Batting: RHB Ronnie Brown 0-0: Ball
1-0: Swinging Strike
1-1: Ground out 3-1 (Groundball, 34)
Batting: LHB António Camacho 0-0: Called Strike
0-1: Reached on error, E3 (Groundball, 34)
Batting: RHB Tyler Wagner 0-0: Ball
António Camacho steals 2nd base
1-0: Ball
2-0: Swinging Strike
2-1: Foul Ball, location: 2F
2-2: Ground out 4-3 (Groundball, 4)
Bottom of the 3rd over - 0 runs, 0 hits, 1 error, 1 left on base; Chicago 2 - Irvine 0
TOP OF THE 4TH
Chicago Machine batting - Pitching for Irvine Gang Green : LHP Masutaro Koyama
Batting: RHB Lorenzo Guzmán 0-0: Foul Ball, location: 2F
0-1: Ball
1-1: Ball
2-1: Called Strike
2-2: Ball
3-2: Foul Ball, location: 2F
3-2: Foul Ball, location: 2F
3-2: SINGLE (Line Drive, 4)
Batting: RHB Pablo Sandoval 0-0: Ball
1-0: Grounds into double play, 4-6-3 (Groundball, 4M)
Batting: SHB Clint Woods 0-0: Ball
1-0: Ground out 6-3 (Groundball, 6)
Top of the 4th over - 0 runs, 1 hit, 0 errors, 0 left on base; Chicago 2 - Irvine 0
BOTTOM OF THE 4TH
Irvine Gang Green batting - Pitching for Chicago Machine : RHP Aaron Thrash
Batting: LHB José Sánchez 0-0: Ball
1-0: Swinging Strike
1-1: Swinging Strike
1-2: Ball
2-2: Ground out 3-1 (Groundball, 34)
Batting: RHB Tom Doherty 0-0: Called Strike
0-1: Ball
1-1: Foul Ball, location: 2F
1-2: Ground out 1-3 (Groundball, 15S)
Batting: LHB Leonardo Medina 0-0: Ball
1-0: Foul Ball, location: 2F
1-1: SINGLE (Groundball, 4) (infield hit)
Batting: RHB José Salazar 0-0: Called Strike
Leonardo Medina steals 2nd base
0-1: Ball
1-1: Fly out, F5 (Line Drive, 5L)
Bottom of the 4th over - 0 runs, 1 hit, 0 errors, 1 left on base; Chicago 2 - Irvine 0
TOP OF THE 5TH
Chicago Machine batting - Pitching for Irvine Gang Green : LHP Masutaro Koyama
Batting: RHB Raúl Bauza 0-0: Ball
1-0: Ball
2-0: Called Strike
2-1: Fly out, F9 (Flyball, 9D)
Batting: LHB Denny Poole 0-0: Called Strike
0-1: Called Strike
0-2: Foul Ball, location: 2F
0-2: Ball
1-2: Ball
2-2: Foul Ball, location: 2F
2-2: Foul Ball, location: 2F
2-2: Strikes out swinging
Batting: RHB Carl O'Dell 0-0: Ball
1-0: Foul Ball, location: 2F
1-1: Called Strike
1-2: Foul Ball, location: 2F
1-2: Strikes out looking
Top of the 5th over - 0 runs, 0 hits, 0 errors, 0 left on base; Chicago 2 - Irvine 0
BOTTOM OF THE 5TH
Irvine Gang Green batting - Pitching for Chicago Machine : RHP Aaron Thrash
Batting: RHB Eduardo García 0-0: Fly out, F3 (Popup, 3SF)
Batting: RHB Wilson López 0-0: Fly out, F8 (Flyball, 8LM)
Batting: RHB Ronnie Brown 0-0: Called Strike
0-1: SINGLE (Line Drive, 89S)
Batting: LHB António Camacho 0-0: Ball
Passed Ball!
Ronnie Brown to second
1-0: Foul Ball, location: 2F
1-1: Swinging Strike
1-2: Foul Ball, location: 2F
1-2: Strikes out looking
Bottom of the 5th over - 0 runs, 1 hit, 0 errors, 1 left on base; Chicago 2 - Irvine 0
TOP OF THE 6TH
Chicago Machine batting - Pitching for Irvine Gang Green : LHP Masutaro Koyama
Batting: RHB Gonzalo Gil 0-0: Ball
1-0: Ground out 5-3 (Groundball, 56D)
Batting: LHB Bernardo Montés 0-0: Swinging Strike
0-1: Foul Ball, location: 2F
0-2: Strikes out swinging
Batting: RHB Will Lott 0-0: Foul Ball, location: 2F
0-1: Foul Ball, location: 2F
0-2: Foul Ball, location: 2F
0-2: Strikes out swinging
Top of the 6th over - 0 runs, 0 hits, 0 errors, 0 left on base; Chicago 2 - Irvine 0
BOTTOM OF THE 6TH
Irvine Gang Green batting - Pitching for Chicago Machine : RHP Aaron Thrash
Batting: RHB Tyler Wagner 0-0: Ball
1-0: Ground out U3 (Groundball, 34S)
Batting: LHB José Sánchez 0-0: Ball
1-0: Fly out, F3 (Line Drive, 34)
Batting: RHB Tom Doherty 0-0: Ball
1-0: Ground out 5-3 (Groundball, 56)
Bottom of the 6th over - 0 runs, 0 hits, 0 errors, 0 left on base; Chicago 2 - Irvine 0
TOP OF THE 7TH
Chicago Machine batting - Pitching for Irvine Gang Green : LHP Masutaro Koyama
Batting: RHB Lorenzo Guzmán 0-0: Fly out, F3 (Popup, 3F)
Batting: RHB Pablo Sandoval 0-0: Ball
1-0: Ball
2-0: Foul Ball, location: 2F
2-1: Ball
3-1: Foul Ball, location: 2F
3-2: Base on Balls
Batting: SHB Clint Woods 0-0: Ball
1-0: Called Strike
Pickoff Throw to First - Out!
1-1: Called Strike
1-2: Ground out U3 (Groundball, 3)
Top of the 7th over - 0 runs, 0 hits, 0 errors, 0 left on base; Chicago 2 - Irvine 0
BOTTOM OF THE 7TH
Irvine Gang Green batting - Pitching for Chicago Machine : RHP Aaron Thrash
Batting: LHB Leonardo Medina 0-0: Ground out 4-3 (Groundball, 34D)
Batting: RHB José Salazar 0-0: Foul Ball, location: 2F
0-1: Swinging Strike
0-2: Ball
1-2: Ball
2-2: Ball
3-2: Ground out 5-3 (Groundball, 56)
Batting: RHB Eduardo García 0-0: Foul Ball, location: 2F
0-1: DOUBLE (Line Drive, 9LS)
Batting: RHB Wilson López 0-0: Ground out U3 (Groundball, 34)
Bottom of the 7th over - 0 runs, 1 hit, 0 errors, 1 left on base; Chicago 2 - Irvine 0
TOP OF THE 8TH
Chicago Machine batting - Pitching for Irvine Gang Green : LHP Masutaro Koyama
Batting: RHB Raúl Bauza 0-0: Swinging Strike
0-1: Foul Ball, location: 2F
0-2: Strikes out swinging
Batting: LHB Denny Poole 0-0: Called Strike
0-1: Ball
1-1: Ball
2-1: Called Strike
2-2: Strikes out swinging
Pitching: LHP Yu-shu Kong
Batting: RHB Carl O'Dell 0-0: Ball
1-0: Ball
2-0: Fly out, F5 (Popup, 56S)
Top of the 8th over - 0 runs, 0 hits, 0 errors, 0 left on base; Chicago 2 - Irvine 0
BOTTOM OF THE 8TH
Irvine Gang Green batting - Pitching for Chicago Machine : RHP Aaron Thrash
Now at 3B: Edward Bartlett
Batting: RHB Ronnie Brown 0-0: Called Strike
0-1: Ball
1-1: Called Strike
1-2: SINGLE (Groundball, 34D)
Batting: LHB António Camacho 0-0: Called Strike
0-1: Ball
1-1: Ball
2-1: Grounds into double play, 6-4-3 (Groundball, 56)
Batting: RHB Tyler Wagner 0-0: Foul Ball, location: 2F
0-1: Ground out 5-3 (Groundball, 56)
Bottom of the 8th over - 0 runs, 1 hit, 0 errors, 0 left on base; Chicago 2 - Irvine 0
TOP OF THE 9TH
Chicago Machine batting - Pitching for Irvine Gang Green : LHP Yu-shu Kong
Batting: RHB Gonzalo Gil 0-0: Ball
1-0: Ball
2-0: SINGLE (Groundball, 56D)
Batting: LHB Bernardo Montés 0-0: Ball
1-0: Ball
Wild Pitch!
Gonzalo Gil to second
2-0: Fly out, F6 (Line Drive, 6)
Batting: RHB Will Lott 0-0: Intentional Walk
Pinch Hitting: RHB Doug Stephens 0-0: Ball
Gonzalo Gil steals 3rd base
1-0: Swinging Strike
1-1: Foul Ball, location: 2F
1-2: Ball
2-2: SINGLE (Line Drive, 89D)
Gonzalo Gil scores
Will Lott to second
Batting: RHB Pablo Sandoval 0-0: Ball
1-0: Fly out, F3 (Popup, 3F)
Batting: SHB Clint Woods 0-0: Ball
1-0: Ground out U3 (Groundball, 34S)
Top of the 9th over - 1 run, 2 hits, 0 errors, 2 left on base; Chicago 3 - Irvine 0
BOTTOM OF THE 9TH
Irvine Gang Green batting - Pitching for Chicago Machine : RHP Aaron Thrash
Now in LF: Tanyu Imai
Batting: LHB José Sánchez 0-0: Ball
1-0: Ground out 4-3 (Groundball, 4)
Batting: RHB Tom Doherty 0-0: Called Strike
0-1: Ball
1-1: Swinging Strike
1-2: Strikes out swinging
Batting: LHB Leonardo Medina 0-0: Ball
1-0: Ball
2-0: Ground out 4-3 (Groundball, 4D)
Bottom of the 9th over - 0 runs, 0 hits, 0 errors, 0 left on base; Chicago 3 - Irvine 0
Saturday, December 16th, 2017 - OOTP Baseball 18.8 Build 76